[Event "*** Titled Tuesday Blitz"]
[Site "Chess.com"]
[Date "2020.12.01"]
[Round "9"]
[White "GigaQuparadze"]
[Black "Micki-taryan"]
[Result "1/2-1/2"]
[WhiteElo "2923"]
[BlackElo "3016"]
[TimeControl "180+1"]
[EndTime "11:40:26 PST"]
[Termination "Game drawn by repetition"]

1. e4 c5 2. Nf3 Nc6 3. Bb5 e6 4. O-O Nge7 5. Re1 a6 6. Bf1 d5 7. exd5 Qxd5 8. Nc3 Qd8 9. Ne4 Nf5 10. b3 Be7 11.
Bb2 O-O 12. g3 b6 13. Bg2 Bb7 14. a4 Qc7 15. d3 Rad8 16. h4 Ncd4 17. Nxd4 Nxd4 18.
Nd2 Bxg2 19. Kxg2 Qb7+ 20. Nf3 Bf6 21. Bxd4 Bxd4 22. Rb1 Bc3 23. Re4 b5 24. Qe2 Rd5 25. Rh1 Rfd8 26. h5 h6 27. Rhh4 Rf5 28. Ref4 Rxf4 29.
Rxf4 Rd5 30. axb5 axb5 31. Rh4 Qd7 32. Qe4 Bf6 33. Rh1 Bc3 34. Rh4 Bf6 35. Rh1 Bc3 36. Rh4 1/2-1/2

[Event "*** Titled Tuesday Blitz"]
[Site "Chess.com"]
[Date "2020.12.01"]
[Round "9"]
[White "RD4ever"]
[Black "scarabee43"]
[Result "1-0"]
[WhiteElo "2813"]
[BlackElo "2567"]
[TimeControl "180+1"]
[EndTime "11:40:27 PST"]
[Termination "RD4ever won by resignation"]

1. d4 Nf6 2. c4 e6 3. Nf3 b6 4. a3 Bb7 5. Bf4 Be7 6. Nc3 d5 7. cxd5 Nxd5 8. Nxd5 Bxd5 9. Qc2 c5 10. e4 Bc6 11.
O-O-O Qc8 12. d5 exd5 13. exd5 Bd7 14. d6 Bf6 15. Qe4+ Kd8 16. Qxa8 Bc6 17. Qxa7 Nd7 18. Qc7+ Qxc7 19. dxc7+ Kc8 20. Ba6+ Bb7 21. Bxb7+ Kxb7 22. Rxd7 Re8 23. Re1 Ra8 24. c8=Q+ Kxc8 25. Rxf7 Kd8 26. Bc7+ Kc8 27. Re8+ Kb7 28. Be5+ Kc6 29. Rxa8 1-0

[Event "*** Titled Tuesday Blitz"]
[Site "Chess.com"]
[Date "2020.12.01"]
[Round "9"]
[White "Nachsueb"]
[Black "Chuchofrio1"]
[Result "1-0"]
[WhiteElo "2203"]
[BlackElo "2417"]
[TimeControl "180+1"]
[EndTime "11:40:30 PST"]
[Termination "Nachsueb won by resignation"]

1. c4 f5 2. Nc3 Nf6 3. d3 d6 4. e4 e5 5. g3 Be7 6. Bg2 O-O 7. Nge2 Nc6 8. O-O Be6 9. f4 Qe8 10. fxe5 dxe5 11. exf5 Bd7 12. Ne4 Qh5 13. N2c3 Bxf5 14. Nxf6+ Rxf6 15. Qxh5 Bc5+ 16. Kh1 Bxd3 17. Rxf6 gxf6 18.
Bd5+ Kh8 19. Bh6 Nb4 20. Qf7 1-0

[Event "*** Titled Tuesday Blitz"]
[Site "Chess.com"]
[Date "2020.12.01"]
[Round "9"]
[White "Stosk"]
[Black "Lion-Al-Messi"]
[Result "1-0"]
[WhiteElo "2425"]
[BlackElo "2559"]
[TimeControl "180+1"]
[EndTime "11:40:36 PST"]
[Termination "Stosk won by resignation"]

1. d4 b6 2. e4 Bb7 3. Nc3 e6 4. Nf3 Bb4 5. Bd3 Nf6 6. Qe2 d5 7. e5 Ne4 8. Bd2 Nxd2 9. Qxd2 Be7 10. O-O c5 11. Qf4 Nc6 12. Nb5 a6 13. Nd6+ Bxd6 14. exd6 cxd4 15. Nxd4 Nxd4 16. Qxd4 Qxd6 17. Qxg7 O-O-O 18. Qc3+ Kb8 19. f4 Rhg8 20. Qe5 Qxe5 21. fxe5 d4 22. g3 Rd5 23. Rxf7 Rxe5 24. Rxh7 Re3 25. Rf1 e5 26. Rff7 Bd5 27. Rd7 Ba8 28. Rd6 Rf8 29.
Rxb6+ Kc8 30. Bxa6+ Bb7 31. Bxb7+ Kd8 32. Rd6+ 1-0

[Event "*** Titled Tuesday Blitz"]
[Site "Chess.com"]
[Date "2020.12.01"]
[Round "9"]
[White "PotapovaM"]
[Black "anpospan"]
[Result "1/2-1/2"]
[WhiteElo "2576"]
[BlackElo "2415"]
[TimeControl "180+1"]
[EndTime "11:40:50 PST"]
[Termination "Game drawn by repetition"]

1. e4 b6 2. d4 Bb7 3. Bd3 d6 4. Nf3 Nd7 5. O-O e5 6. c3 Ngf6 7. Qe2 Be7 8. Re1 O-O 9. Nbd2 Re8 10. Nf1 Bf8 11. Ng3 g6 12. d5 Nc5 13. Bb5 Ncd7 14.
b4 a6 15. Bc6 Bxc6 16. dxc6 Nb8 17. Bg5 Nxc6 18. h4 h6 19. Bd2 Ne7 20. Rad1 Qd7 21.
h5 g5 22. Be3 Qg4 23. Qc2 Nxh5 24. Nh2 Qh4 25. Nf3 Qg4 26. Nh2 Qh4 27. Nf3 Qg4 1/2-1/2

[Event "*** Titled Tuesday Blitz"]
[Site "Chess.com"]
[Date "2020.12.01"]
[Round "9"]
[White "Neftegor"]
[Black "Nemsko"]
[Result "1-0"]
[WhiteElo "2515"]
[BlackElo "2380"]
[TimeControl "180+1"]
[EndTime "11:40:57 PST"]
[Termination "Neftegor won by resignation"]

1. d4 Nf6 2. c4 e6 3. Nc3 Bb4 4. e3 O-O 5. Bd3 d5 6. cxd5 exd5 7. Ne2 c6 8. a3 Bd6 9. b4 Re8 10. Rb1 Nbd7 11. f3 Nf8 12. O-O b6 13. e4 dxe4 14. fxe4 Bc7 15. e5 Nd5 16. Nxd5 cxd5 17. Nf4 Ng6 18.
Nh5 Qh4 19. Nf4 Bb7 20. g3 Qe7 21. Nh5 Bc8 22. h4 Be6 23. Bg5 Qd7 24. Qd2 Bg4 25. Nxg7 Kxg7 26. Bf6+ Kg8 27. Qh6 1-0

[Event "*** Titled Tuesday Blitz"]
[Site "Chess.com"]
[Date "2020.12.01"]
[Round "9"]
[White "FontVella8"]
[Black "arjwezhrtdrz"]
[Result "1/2-1/2"]
[WhiteElo "2484"]
[BlackElo "2323"]
[TimeControl "180+1"]
[EndTime "11:41:01 PST"]
[Termination "Game drawn by repetition"]

1. d4 d6 2. c4 e5 3. d5 f5 4. Nc3 Nf6 5. Bg5 Be7 6. Bxf6 Bxf6 7. e4 O-O 8. exf5 Bxf5 9. Nge2 a5 10. Ng3 Bg6 11.
Bd3 Bxd3 12. Qxd3 Na6 13. O-O Nc5 14. Qc2 g6 15. Nce4 Nxe4 16. Nxe4 Be7 17. f3 b6 18.
a3 Qd7 19. b4 axb4 20. axb4 Qf5 21. Qc3 Qf7 22. Rxa8 Rxa8 23. Ra1 Qe8 24. g3 Ra4 25. Kg2 Qa8 26. Rxa4 Qxa4 27. Kh3 Qd1 28. Kg2 Qe2+ 29. Kg1 Qa2 30. Qd3 Qb2 31. Qc3 Qa2 32. Qd3 Qb2 33.
Qc3 Qa2 1/2-1/2

[Event "*** Titled Tuesday Blitz"]
[Site "Chess.com"]
[Date "2020.12.01"]
[Round "9"]
[White "Pelopidass"]
[Black "Gerasimenyuk_Miha"]
[Result "1-0"]
[WhiteElo "2566"]
[BlackElo "2430"]
[TimeControl "180+1"]
[EndTime "11:41:04 PST"]
[Termination "Pelopidass won by resignation"]

1. e4 d5 2. exd5 Qxd5 3. Nc3 Qa5 4. d4 Nf6 5. Bc4 Nc6 6. Nf3 Bg4 7. h3 Qh5 8. d5 O-O-O 9. Be3 Ne5 10. Be2 Nxf3+ 11.
gxf3 Bf5 12. Qd4 b6 13. O-O-O e6 14. Qa4 Nxd5 15. Qxa7 Bd6 16. Nxd5 exd5 17. Bb5 c6 18. Bxc6 1-0

[Event "*** Titled Tuesday Blitz"]
[Site "Chess.com"]
[Date "2020.12.01"]
[Round "9"]
[White "glebus008"]
[Black "amatatanav"]
[Result "0-1"]
[WhiteElo "2237"]
[BlackElo "2387"]
[TimeControl "180+1"]
[EndTime "11:41:18 PST"]
[Termination "amatatanav won by resignation"]

1. e4 c5 2. Nf3 Nc6 3. c4 g6 4. d4 cxd4 5. Nxd4 Nf6 6. Nc3 d6 7. Bg5 Bg7 8. Be2 O-O 9. O-O Nxd4 10. Qxd4 Be6 11. Qd2 a5 12. Rac1 a4 13. Kh1 Qa5 14. f4 Rfc8 15. e5 dxe5 16. fxe5 Qxe5 17. Bf3 Rd8 18.
Nd5 Nxd5 19. cxd5 Bxd5 20. Bxd5 Rxd5 0-1

[Event "*** Titled Tuesday Blitz"]
[Site "Chess.com"]
[Date "2020.12.01"]
[Round "9"]
[White "kuban1991"]
[Black "Susal_De_Silva"]
[Result "1-0"]
[WhiteElo "2821"]
[BlackElo "2659"]
[TimeControl "180+1"]
[EndTime "11:41:26 PST"]
[Termination "kuban1991 won by resignation"]

1. Nf3 Nf6 2. g3 b6 3. Bg2 Bb7 4.
O-O g6 5. a4 Bg7 6. a5 O-O 7. d3 d5 8. Nbd2 c5 9. e4 b5 10. Re1 a6 11. Nb3 Nbd7 12. e5 Ne8 13. e6 fxe6 14. Ng5 Nc7 15. Nxe6 Nxe6 16. Rxe6 c4 17.
dxc4 bxc4 18. Nd4 Nc5 19. Rb6 e5 20. Rxb7 exd4 21. Rxg7+ Kxg7 22. Qxd4+ Qf6 23. Qxc5 Rac8 24. Qe3 d4 25. Qf4 Qd8 26. Qe5+ Qf6 27. Bf4 Rfe8 28. Bh6+ 1-0

[Event "*** Titled Tuesday Blitz"]
[Site "Chess.com"]
[Date "2020.12.01"]
[Round "9"]
[White "scoopbh"]
[Black "VladimirBugayev"]
[Result "0-1"]
[WhiteElo "2085"]
[BlackElo "2286"]
[TimeControl "180+1"]
[EndTime "11:41:31 PST"]
[Termination "VladimirBugayev won by resignation"]

1. e4 c6 2. d4 d5 3. f3 dxe4 4.
fxe4 e5 5. Nf3 Bg4 6. Bc4 Nd7 7. O-O Ngf6 8. Bg5 Bd6 9. c3 O-O 10. Nbd2 Qc7 11. Qe1 Bh5 12. Qh4 Bg6 13. Rae1 Rfe8 14. Qg3 exd4 15. Qh3 dxc3 16. bxc3 Ne5 17. Bxf6 gxf6 18.
Bb3 Nd3 19. Re2 Nf4 20. Qg4 0-1

[Event "*** Titled Tuesday Blitz"]
[Site "Chess.com"]
[Date "2020.12.01"]
[Round "9"]
[White "mjray79"]
[Black "marciojor"]
[Result "1-0"]
[WhiteElo "2422"]
[BlackElo "2249"]
[TimeControl "180+1"]
[EndTime "11:41:36 PST"]
[Termination "mjray79 won by resignation"]

1. d4 e6 2. c4 d5 3. g3 Nf6 4. Bg2 Be7 5. Nf3 O-O 6. O-O dxc4 7.
Qc2 a6 8. a4 Nc6 9. Qxc4 Bd7 10. Bg5 h6 11. Bxf6 Bxf6 12. e4 Rc8 13. Rd1 Re8 14.
Nc3 Na5 15. Qa2 Be7 16. Ne5 c6 17. d5 cxd5 18. exd5 Bd6 19. Nd3 e5 20. Ne4 Qe7 21. Rab1 f5 22. Nxd6 Qxd6 23. b4 Nc4 24. Nc5 b5 25.
axb5 Bxb5 26. Bf1 Nb6 27. Bxb5 axb5 28. Qa6 Nc4 29. Qxb5 Nb6 30. Nb7 Qf6 31. d6 Rb8 32. Qxb6 Qf7 33. d7 1-0

[Event "*** Titled Tuesday Blitz"]
[Site "Chess.com"]
[Date "2020.12.01"]
[Round "9"]
[White "Joel1285"]
[Black "annacramling"]
[Result "0-1"]
[WhiteElo "1830"]
[BlackElo "2110"]
[TimeControl "180+1"]
[EndTime "11:41:40 PST"]
[Termination "annacramling won on time"]

1. d4 Nf6 2. c4 e6 3. Nf3 d5 4. Nc3 Be7 5. cxd5 exd5 6. Bg5 O-O 7. Qc2 c6 8. e3 h6 9. Bh4 Be6 10. Bd3 Nbd7 11. O-O Rc8 12. Rab1 c5 13. dxc5 Nxc5 14. Nd4 Nce4 15. Bxe4 Nxe4 16. Bxe7 Qxe7 17. Rfc1 Qg5 18. Nxe4 dxe4 19. Qxe4 Bd5 20. f4 Bxe4 21. fxg5 Bxb1 22.
Rxb1 hxg5 0-1

[Event "*** Titled Tuesday Blitz"]
[Site "Chess.com"]
[Date "2020.12.01"]
[Round "9"]
[White "Chessalary"]
[Black "chessmachine14"]
[Result "1-0"]
[WhiteElo "2390"]
[BlackElo "2242"]
[TimeControl "180+1"]
[EndTime "11:41:41 PST"]
[Termination "Chessalary won on time"]

1. e4 c5 2. Nf3 e6 3. d4 cxd4 4. Nxd4 Nf6 5. Bd3 d6 6. O-O Be7 7. Nc3 O-O 8. Bg5 Nc6 9. Nxc6 bxc6 10. Qe2 Nxe4 11. Bxe7 Nxc3 12. Bxh7+ Kh8 13. Qh5 Ne2+ 14. Qxe2 Qxe7 15. Qh5 g5 16. f4 Kg7 17. fxg5 f6 18.
Qh6+ Kh8 19. gxf6 Qxh7 20. Qxf8+ Qg8 21. Qh6+ Qh7 22. Qxh7+ Kxh7 23. f7 Ba6 24. f8=Q Rxf8 25. Rxf8 e5 26. Ra8 1-0

[Event "*** Titled Tuesday Blitz"]
[Site "Chess.com"]
[Date "2020.12.01"]
[Round "9"]
[White "anon219"]
[Black "NeverW84M8"]
[Result "1-0"]
[WhiteElo "2752"]
[BlackElo "2537"]
[TimeControl "180+1"]
[EndTime "11:41:43 PST"]
[Termination "anon219 won by resignation"]

1. e4 e5 2. Bc4 Nf6 3. Nc3 Nc6 4. d3 Bb4 5. Ne2 d5 6. exd5 Nxd5 7.
O-O Nb6 8. Bb3 O-O 9. f4 Bd6 10. Kh1 Nd4 11. Nxd4 exd4 12. Ne4 Kh8 13. f5 f6 14. Qh5 Qe8 15. Qh4 Be5 16. Rf3 g5 17. fxg6 Qxg6 18. Bh6 Bg4 19. Rf2 f5 20. Bxf8 Rxf8 21.
h3 Bh5 22. g4 1-0

[Event "*** Titled Tuesday Blitz"]
[Site "Chess.com"]
[Date "2020.12.01"]
[Round "9"]
[White "FMOlexandrProhorov"]
[Black "andrzej"]
[Result "1/2-1/2"]
[WhiteElo "2211"]
[BlackElo "2358"]
[TimeControl "180+1"]
[EndTime "11:41:49 PST"]
[Termination "Game drawn by agreement"]

1. Nf3 Nf6 2. c4 g6 3. Nc3 Bg7 4. d4 O-O 5. e4 d6 6. Be2 e5 7. dxe5 dxe5 8. Qxd8 Rxd8 9. Bg5 Re8 10. Nd5 Nxd5 11. cxd5 c6 12. dxc6 Nxc6 13. O-O Bg4 14. Rfd1 Bxf3 15. Bxf3 Nd4 16. Kf1 Rac8 17. Rac1 b6 18.
Be3 Red8 19. Rxc8 Rxc8 20. Rc1 Rxc1+ 21. Bxc1 Kf8 22. Be2 Ke7 23. Bc4 f6 24. f3 Kd6 25.
Bg8 h6 26. Bd2 a5 27. Ke1 Kc5 28. Kd1 f5 29. Bd5 f4 30. Bf7 g5 31. Bc3 Bf6 1/2-1/2

[Event "*** Titled Tuesday Blitz"]
[Site "Chess.com"]
[Date "2020.12.01"]
[Round "9"]
[White "Soltan49"]
[Black "Klavdia_Nik"]
[Result "0-1"]
[WhiteElo "2197"]
[BlackElo "2080"]
[TimeControl "180+1"]
[EndTime "11:41:51 PST"]
[Termination "Klavdia_Nik won by resignation"]

1. d4 Nf6 2. Nf3 c5 3. d5 d6 4.
c4 b5 5. cxb5 a6 6. bxa6 Bxa6 7.
Nc3 g6 8. g3 Bg7 9. Bg2 O-O 10. O-O Nbd7 11. h3 Qa5 12. Re1 Rfb8 13. e4 Ne8 14. Qc2 Nc7 15. Bd2 Ne5 16. Nxe5 Bxe5 17.
a3 Qb6 18. Rab1 Qb3 19. Qxb3 Rxb3 20. Bf1 Bxf1 21. Kxf1 Rab8 22. Ke2 Rxb2 23. Rxb2 Rxb2 24. Kd3 f5 25. exf5 gxf5 26. f4 Bf6 27. g4 Rb3 28. Kc4 Rxa3 29. g5 Bxc3 30. Bxc3 Kf7 31. Rd1 Ra4+ 32. Kb3 Rxf4 33. Rd3 c4+ 0-1

[Event "*** Titled Tuesday Blitz"]
[Site "Chess.com"]
[Date "2020.12.01"]
[Round "9"]
[White "Sviridov_Valery"]
[Black "champ2005"]
[Result "0-1"]
[WhiteElo "2924"]
[BlackElo "3032"]
[TimeControl "180+1"]
[EndTime "11:41:52 PST"]
[Termination "champ2005 won by resignation"]

1. Nf3 d5 2. g3 Nc6 3. d4 Bf5 4. Bg2 Nb4 5. Na3 e6 6. O-O Be7 7. c3 Nc6 8. Bf4 Nf6 9. Nb5 Rc8 10. a4 a6 11. Na3 O-O 12. Nc2 h6 13. Re1 Bh7 14. a5 Nb8 15. Nd2 c5 16. e4 Nc6 17.
dxc5 Bxc5 18. Nb3 Ba7 19. exd5 Nxd5 20. Bxd5 exd5 21. Be3 Bxc2 22. Qxc2 Bxe3 23. Rxe3 d4 24. cxd4 Nxd4 25. Qd1 Ne6 26. Qf3 Rc2 27. Qxb7 Qf6 28.
Rf1 Ng5 29. Kg2 Rxb2 30. h4 Ne6 31. Qxa6 Nf4+ 0-1

[Event "*** Titled Tuesday Blitz"]
[Site "Chess.com"]
[Date "2020.12.01"]
[Round "9"]
[White "Zq1"]
[Black "Fortitudine"]
[Result "1-0"]
[WhiteElo "2560"]
[BlackElo "2353"]
[TimeControl "180+1"]
[EndTime "11:41:53 PST"]
[Termination "Zq1 won by resignation"]

1. d4 Nf6 2. c4 c5 3. Nf3 cxd4 4. Nxd4 e5 5. Nb5 d5 6. cxd5 Bc5 7. N5c3 O-O 8. g3 Qb6 9. e3 e4 10. Bg2 Bg4 11. Qb3 Re8 12. O-O Nbd7 13. Nd2 Bf5 14. Qa4 Qb4 15. a3 Qxa4 16. Nxa4 Bd6 17. Nc3 Nc5 18. Nc4 Rad8 19. Nxd6 Rxd6 20. b4 Nd3 21. Rd1 Nxd5 22. Rxd3 exd3 23. Nxd5 Red8 24. e4 Be6 25. Bf4 Rc6 26. Ne7+ Kf8 27. Nxc6 bxc6 1-0

[Event "*** Titled Tuesday Blitz"]
[Site "Chess.com"]
[Date "2020.12.01"]
[Round "9"]
[White "sergiochess83"]
[Black "Konavets"]
[Result "1-0"]
[WhiteElo "2808"]
[BlackElo "2985"]
[TimeControl "180+1"]
[EndTime "11:41:57 PST"]
[Termination "sergiochess83 won by checkmate"]

1. e4 c6 2. d4 d5 3. e5 Bf5 4.
Nf3 e6 5. Be2 h6 6. O-O Ne7 7.
Nbd2 Nd7 8. Nb3 g5 9. a4 Qc7 10. a5 a6 11. Bd2 c5 12. c3 Bg7 13. h3 Rc8 14. Re1 cxd4 15. Nbxd4 Nxe5 16. Nxe5 Bxe5 17. Qa4+ Kf8 18. Be3 Bg6 19. Nf3 Bf6 20. Bd4 Bxd4 21. Qxd4 Kg8 22. Qf6 Nc6 23. h4 g4 24. Nd4 h5 25.
Nxe6 Qd6 26. Qg7# 1-0

[Event "*** Titled Tuesday Blitz"]
[Site "Chess.com"]
[Date "2020.12.01"]
[Round "9"]
[White "AryanTari"]
[Black "szabadaba"]
[Result "1-0"]
[WhiteElo "2901"]
[BlackElo "2672"]
[TimeControl "180+1"]
[EndTime "11:41:58 PST"]
[Termination "AryanTari won by resignation"]

1. d4 d5 2. Nf3 Nf6 3. Bf4 e6 4. Nbd2 Bd6 5. Bg5 Be7 6. e3 O-O 7. Bd3 b6 8. c3 Bb7 9. Qb1 h6 10. Bh4 Nbd7 11. a4 a6 12. O-O c5 13. h3 Re8 14. Re1 Qc7 15. Bg3 Bd6 16. Bxd6 Qxd6 17.
b4 cxb4 18. Qxb4 Qxb4 19. cxb4 Rec8 20. Rec1 Ne4 21. a5 Nd6 22. Ne5 Nf6 23. axb6 Kf8 24. Nb3 Nc4 25. Nc5 Nd6 26. Nxb7 Rxc1+ 27. Rxc1 Nxb7 28.
Rc7 Nd6 29. b7 Rb8 30. Bxa6 Nfe8 31. Rd7 1-0

[Event "*** Titled Tuesday Blitz"]
[Site "Chess.com"]
[Date "2020.12.01"]
[Round "9"]
[White "Leo_C"]
[Black "ARMQUEEN"]
[Result "1-0"]
[WhiteElo "2385"]
[BlackElo "2471"]
[TimeControl "180+1"]
[EndTime "11:41:58 PST"]
[Termination "Leo_C won by resignation"]

1. d4 Nf6 2. c4 c5 3. d5 e6 4. Nc3 exd5 5. cxd5 d6 6. e4 g6 7. Nge2 Bg7 8. Ng3 O-O 9. Be2 h5 10. Bg5 Nbd7 11. O-O a6 12. a4 Qc7 13. Qd2 Nh7 14.
Bh4 f5 15. exf5 Ne5 16. f4 Ng4 17. Bxg4 hxg4 18. fxg6 Nf6 19. Kh1 Bd7 20. Nge4 Nh5 21. Be7 Rfe8 22. Bxd6 Qd8 23. Ng5 Rc8 24. Qf2 Bf5 25. Be5 Rxe5 26. fxe5 Qxg5 27. Qxf5 Qxf5 28.
Rxf5 Re8 29. Rxh5 Bxe5 30. Re1 Kg7 31. Rhxe5 1-0

[Event "*** Titled Tuesday Blitz"]
[Site "Chess.com"]
[Date "2020.12.01"]
[Round "9"]
[White "stoleriu"]
[Black "Supernotar"]
[Result "0-1"]
[WhiteElo "2551"]
[BlackElo "2780"]
[TimeControl "180+1"]
[EndTime "11:41:59 PST"]
[Termination "Supernotar won by resignation"]

1. e4 c6 2. Nf3 d5 3. exd5 cxd5 4. Ne5 Nf6 5. d4 Nc6 6. Bb5 Bd7 7. Nxd7 Qxd7 8. c3 e6 9. Bf4 a6 10. Ba4 Bd6 11. Bxd6 Qxd6 12. Nd2 O-O 13. O-O b5 14.
Bc2 b4 15. Nb3 bxc3 16. bxc3 Nd7 17. f4 g6 18. Rf3 a5 19. a4 Ne7 20. g4 Nf6 21. h3 Ne4 22. Qe1 f5 23. g5 Rfc8 24. h4 Rc7 25. h5 Rac8 26. Kg2 Nxc3 27.
hxg6 Nxg6 28. Qe3 Nh4+ 29. Kf2 Nxf3 30. Qxf3 Ne4+ 31. Bxe4 dxe4 32. Qh5 Rc2+ 33. Ke1 Qxf4 0-1

[Event "*** Titled Tuesday Blitz"]
[Site "Chess.com"]
[Date "2020.12.01"]
[Round "9"]
[White "JiiHart"]
[Black "lelya96"]
[Result "0-1"]
[WhiteElo "2092"]
[BlackElo "2219"]
[TimeControl "180+1"]
[EndTime "11:41:59 PST"]
[Termination "lelya96 won by resignation"]

1. e4 e5 2. Nf3 Nc6 3. d4 exd4 4. Nxd4 Qf6 5. c3 d6 6. Be3 Qg6 7. g3 Qxe4 8. Rg1 Nxd4 9. cxd4 Bg4 10. Nc3 Bxd1 11.
Nxe4 Ba4 12. b3 Bd7 13. Bg2 d5 14. Nc3 c6 15. O-O-O Nf6 16. Bg5 Bb4 17. Rge1+ Kd8 18. Kb2 Re8 19. Bxf6+ gxf6 20. Rxe8+ Bxe8 21. Bh3 Bd7 22. Bxd7 Kxd7 23. Re1 Rg8 24. Re3 Rg4 25. Rd3 Bxc3+ 26.
Kxc3 Re4 27. Re3 f5 28. Rxe4 fxe4 29. Kd2 Ke6 30. Ke3 Kf5 31. h3 h5 32. f3 exf3 33. Kxf3 Kg5 34. g4 hxg4+ 35. hxg4 f5 36. gxf5 Kxf5 37. Ke3 Kg4 38. b4 b5 39. a3 a6 40.
Kf2 Kf4 41. Ke2 Ke4 0-1

[Event "*** Titled Tuesday Blitz"]
[Site "Chess.com"]
[Date "2020.12.01"]
[Round "9"]
[White "BilodeauA"]
[Black "FairChess_on_YouTube"]
[Result "0-1"]
[WhiteElo "2853"]
[BlackElo "3001"]
[TimeControl "180+1"]
[EndTime "11:42:00 PST"]
[Termination "FairChess_on_YouTube won by resignation"]

1. e4 a6 2. d4 g6 3. f4 d5 4. e5 h5 5. Nf3 Bg4 6. Nbd2 c5 7.
h3 Bxf3 8. Nxf3 e6 9. c3 Nc6 10. Be3 cxd4 11. Nxd4 Qh4+ 12. Ke2 Nge7 13. g3 Qxg3 14.
Rg1 Qh2+ 15. Rg2 Nxd4+ 16. cxd4 Qxh3 17. Rg5 Qh2+ 18. Rg2 Qh4 19. Qb3 Bh6 20. Qxb7 O-O 21. Kf3 Nf5 0-1

[Event "*** Titled Tuesday Blitz"]
[Site "Chess.com"]
[Date "2020.12.01"]
[Round "9"]
[White "Road2GM3000"]
[Black "Bwert2602"]
[Result "0-1"]
[WhiteElo "2121"]
[BlackElo "2228"]
[TimeControl "180+1"]
[EndTime "11:42:02 PST"]
[Termination "Bwert2602 won by resignation"]

1. d4 d6 2. c4 Nf6 3. Nc3 g6 4. e4 Bg7 5. f4 O-O 6. Nf3 c5 7. d5 Na6 8. Bd3 Nc7 9. O-O a6 10. a4 Rb8 11. a5 b5 12. axb6 Rxb6 13. e5 Nfe8 14. exd6 Nxd6 15. Na4 Rb4 16. Nxc5 Nxc4 17. Qe1 Nxd5 18. Nxa6 Qb6+ 19. Kh1 Bxa6 20. Be4 Nf6 21. Bd3 Bb7 22. Ne5 Nxe5 23. fxe5 Ng4 24. e6 fxe6 25.
Rxf8+ Kxf8 26. h3 Nf2+ 27. Kh2 Nxd3 28. Qf1+ Qf2 29. Qxf2+ Nxf2 30. Bg5 Be5+ 31. g3 Rxb2 32. Rf1 Kg7 0-1

[Event "*** Titled Tuesday Blitz"]
[Site "Chess.com"]
[Date "2020.12.01"]
[Round "9"]
[White "PowerThinking2650"]
[Black "FMalexhdez"]
[Result "1-0"]
[WhiteElo "2443"]
[BlackElo "2301"]
[TimeControl "180+1"]
[EndTime "11:42:05 PST"]
[Termination "PowerThinking2650 won by resignation"]

1. e4 c5 2. Nf3 d6 3. d4 cxd4 4. Nxd4 Nf6 5. Nc3 a6 6. Bc4 e5 7.
Nf5 Bxf5 8. exf5 Qc8 9. Qd3 Nbd7 10. Nd5 e4 11. Qd4 b5 12. Bb3 a5 13. a4 Rb8 14.
axb5 Rxb5 15. Nxf6+ gxf6 16. O-O Qc5 17. Qxe4+ Qe5 18.
Qc6 Be7 19. Ba4 1-0

[Event "*** Titled Tuesday Blitz"]
[Site "Chess.com"]
[Date "2020.12.01"]
[Round "9"]
[White "Vanina1989"]
[Black "pedromartinez91"]
[Result "1-0"]
[WhiteElo "2652"]
[BlackElo "2464"]
[TimeControl "180+1"]
[EndTime "11:42:07 PST"]
[Termination "Vanina1989 won on time"]

1. d4 Nf6 2. c4 g6 3. Nf3 Bg7 4. Nc3 d5 5. cxd5 Nxd5 6. e4 Nxc3 7. bxc3 O-O 8. Be2 c5 9. O-O cxd4 10. cxd4 Bg4 11. Be3 Nc6 12. d5 Na5 13. Rb1 Bxf3 14. Bxf3 Nc4 15. Bd4 Ne5 16. Be2 Qc7 17. Qd2 b6 18.
Rbc1 Qd6 19. f4 Nd7 20. e5 Qa3 21. Rc7 Rfd8 22. Rf3 Qa4 23. Rfc3 Bf8 24. h3 Nc5 25.
Bxc5 bxc5 26. R3xc5 Rab8 27. Rc4 Qa3 28. Rc3 Qa5 29. Kh2 Rxd5 30. Qe3 Rbd8 31. e6 f5 32. Rxa7 Qb4 33. Rxe7 Qxe7 34. Bc4 Rd4 35. Bb3 Kg7 36. Qe5+ Kg8 37. Rc7 Qd6 38. e7+ 1-0

[Event "*** Titled Tuesday Blitz"]
[Site "Chess.com"]
[Date "2020.12.01"]
[Round "9"]
[White "RaphCamora"]
[Black "Sueetin"]
[Result "1-0"]
[WhiteElo "2412"]
[BlackElo "2242"]
[TimeControl "180+1"]
[EndTime "11:42:11 PST"]
[Termination "RaphCamora won on time"]

1. Nf3 d5 2. g3 g6 3. Bg2 Bg7 4. d4 Nf6 5. O-O O-O 6. Nbd2 Bf5 7. c4 c6 8. b3 a5 9. Bb2 a4 10. Nh4 Bg4 11. h3 Be6 12. f4 c5 13. dxc5 Na6 14.
cxd5 Nxd5 15. Bxg7 Kxg7 16. Qc1 Rc8 17. e4 Rxc5 18.
Qb2+ Nc3 19. Nc4 Qd4+ 20. Kh2 Bxc4 21. bxc4 Rxc4 22. Nf3 Qc5 23. Ne5 Rb4 24. Qc2 Qc8 25. Rac1 1-0

[Event "*** Titled Tuesday Blitz"]
[Site "Chess.com"]
[Date "2020.12.01"]
[Round "9"]
[White "gmpeter008"]
[Black "Iskusnyh"]
[Result "0-1"]
[WhiteElo "2452"]
[BlackElo "2624"]
[TimeControl "180+1"]
[EndTime "11:42:14 PST"]
[Termination "Iskusnyh won by resignation"]

1. e4 e6 2. d4 d5 3. Nc3 Nf6 4. e5 Nfd7 5. f4 c5 6. Nf3 Nc6 7. Be3 Rb8 8. Be2 Qa5 9. O-O b5 10. f5 b4 11. fxe6 fxe6 12. Ng5 bxc3 13. Nxe6 cxb2 14.
Bh5+ g6 15. Qf3 Ndxe5 16. dxe5 Bxe6 17. Qf6 Kd7 18. Rad1 Be7 19. Rxd5+ Bxd5 0-1

[Event "*** Titled Tuesday Blitz"]
[Site "Chess.com"]
[Date "2020.12.01"]
[Round "9"]
[White "Oleksandr_Bortnyk"]
[Black "davidkalashian"]
[Result "1-0"]
[WhiteElo "2890"]
[BlackElo "2585"]
[TimeControl "180+1"]
[EndTime "11:42:16 PST"]
[Termination "Oleksandr_Bortnyk won by resignation"]

1. e4 c5 2. Nf3 d6 3. c3 Nf6 4.
h3 g6 5. Bd3 Bg7 6. Bc2 O-O 7. d4 Nc6 8. O-O b6 9. e5 dxe5 10.
dxe5 Nd7 11. Bf4 Bb7 12. Re1 Qc8 13. Na3 Nd8 14. Bg3 a6 15. Nc4 Ne6 16. Ne3 Rd8 17. Qe2 Bxf3 18. Qxf3 Nxe5 19. Bxe5 Bxe5 20. Nd5 Bd6 21.
Nxb6 Qb8 22. Nxa8 Qxa8 23. Qxa8 Rxa8 24. Bb3 Nf4 25. Rad1 Rb8 26. Re4 g5 27. h4 h6 28. g3 Ng6 29. hxg5 hxg5 30. Rg4 Ne5 31. Rxg5+ Kh7 32. Kg2 1-0

[Event "*** Titled Tuesday Blitz"]
[Site "Chess.com"]
[Date "2020.12.01"]
[Round "9"]
[White "Vojtap"]
[Black "tk22h"]
[Result "0-1"]
[WhiteElo "2133"]
[BlackElo "2332"]
[TimeControl "180+1"]
[EndTime "11:42:17 PST"]
[Termination "tk22h won by resignation"]

1. e4 e5 2. Nf3 Nc6 3. Bb5 a6 4.
Ba4 Nf6 5. O-O Be7 6. Re1 b5 7.
Bb3 d6 8. c3 O-O 9. h3 Na5 10.
Bc2 c5 11. d4 Qc7 12. Nbd2 cxd4 13. cxd4 Bd7 14. Nf1 Nc6 15. Be3 Rfc8 16. Rc1 Qb8 17. Bb1 exd4 18. Nxd4 Nxd4 19. Qxd4 Be6 20. Ng3 Rxc1 21.
Rxc1 g6 22. Bf4 Ne8 23. e5 dxe5 24. Bxe5 Qd8 25. Qc3 Rc8 26. Qe1 Rxc1 27. Qxc1 Bf6 28. Bxf6 Qxf6 29. Be4 Kg7 30. Qd2 Bxa2 31. Qd7 Nd6 32. Bf3 Bc4 33. Kh2 Qe5 34. Qc6 h5 35.
Kg1 h4 36. Nf1 Nf5 37. Qe4 Qxb2 38. Kh2 Bxf1 0-1